 Dungeon Crawl Stone Soup version 0.23.2-30-g0e89c35649 (webtiles) character file.

Game seed: 17164252376308111491

172 Hivemind the Cudgeler (level 5, 22/45 HPs)
             Began as a Hill Orc Fighter on June 10, 2019.
             Quit the game on level 3 of the Dungeon.
             The game lasted 00:07:31 (2472 turns).

Hivemind the Cudgeler (Hill Orc Fighter)            Turns: 2472, Time: 00:07:32

Health: 22/45      AC:  6    Str: 19    XL:     5   Next: 52%
Magic:  5/5        EV:  7    Int:  8    God:
Gold:   123        SH:  9    Dex: 11    Spells: 4/4 levels left

rFire    . . .     SeeInvis .   a - +0 flail
rCold    . . .     Gourm    .   c - +0 shield
rNeg     . . .     Faith    .   b - +0 scale mail
rPois    .         Spirit   .   (no helmet)
rElec    .         Reflect  .   (no cloak)
rCorr    .         Harm     .   (no gloves)
MR       .....                  (no boots)
Stlth    ..........             (no amulet)
HPRegen  0.15/turn              (no ring)
MPRegen  0.09/turn              (no ring)

@: no status effects
A: no striking features
a: no special abilities


You were on level 3 of the Dungeon.
You were very hungry.

You visited 1 branch of the dungeon, and saw 3 of its levels.

You collected 123 gold pieces.

Inventory:

Hand Weapons
 a - a +0 flail (weapon)
Missiles
 g - 90 stones (quivered)
Armour
 b - a +0 scale mail (worn)
 c - a +0 shield (worn)
Scrolls
 h - 2 scrolls of immolation {unknown}
 j - 2 scrolls of amnesia {unknown}
 k - a scroll of noise {unknown}
 l - 2 scrolls of identify {unknown}
 m - a scroll of teleportation {unknown}
 n - a scroll of enchant armour {unknown}
 p - a scroll of blinking {unknown}
 q - a scroll of remove curse {unknown}
Potions
 d - a potion of might
 e - a potion of flight {unknown}
 i - a potion of curing {unknown}
 o - a potion of degeneration {unknown}
Comestibles
 f - 8 rations


   Skills:
 - Level 3.6 Fighting
 + Level 6.1 Maces & Flails
 - Level 3.2 Armour
 - Level 3.2 Shields


You had 4 spell levels left.
You didn't know any spells.
Your spell library was empty.

Dungeon Overview and Level Annotations

Branches:
Dungeon (3/15)

Altars:
Okawaru
Vehumet


Message History

Your shield and scale mail prevent you from hitting the hobgoblin.
You block the hobgoblin's attack.
You sock the hobgoblin!
You kill the hobgoblin!
You see here a +0 club.
Sorry, you're not good enough to have a special ability.
You don't know any spells.
Your library has no spells.
You see here a +0 club.
You hit the ogre but do no damage. The ogre hits you with a +0 giant club!
You sock the ogre!
The ogre is moderately wounded.
You block the ogre's attack.
You hit the ogre.
The ogre is moderately wounded.
The ogre hits you with a +0 giant club!
There is a stone staircase leading up here.
You see here a bat skeleton.
You hear the brisk rusting of a distant drain.
Are you sure you want to abandon this character and quit the game? (Confirm with "yes".)

#############.#
#.......รท..##.#
#.########.##.####
#.# ##.......# #.#
#<........ #.#
#.###....# #O# #.#
#.#... #.# #.#
#.#... ####### #@#
#.# #..... #<....#
#.#######.# #####.
#.###.#
#...).....# #. #.#
.......#########
#. #r# .###.... #.
#O. #.#.# #. ...
#...# #. ... #...#
#. #### #...# #<


You could see an ogre.

Vanquished Creatures
  Jessica (D:2)
  An orc wizard (D:3)
  A gnoll (D:1)
  6 adders
  A worm (D:2)
  2 dart slugs (D:2)
  5 leopard geckos
  4 giant cockroaches (D:2)
  5 goblins
  6 hobgoblins
  4 kobolds
  A quokka (D:2)
  A ball python (D:3)
  3 bats
  2 frilled lizards
  8 rats
51 creatures vanquished.

Notes
Turn   | Place    | Note
-------+----------+-------------------------------------------
     0 | D:1      | Hivemind the Hill Orc Fighter began the quest for the Orb.
     0 | D:1      | Reached XP level 1. HP: 19/19 MP: 1/1
    90 | D:1      | Reached XP level 2. HP: 24/26 MP: 2/2
   103 | D:1      | Reached skill level 3 in Maces & Flails
   285 | D:1      | Reached XP level 3. HP: 12/31 MP: 3/3
   907 | D:1      | Reached skill level 4 in Maces & Flails
  1043 | D:2      | Noticed Jessica
  1299 | D:2      | Found an iron altar of Okawaru.
  1327 | D:2      | Reached XP level 4. HP: 32/39 MP: 4/4
  1562 | D:2      | Reached skill level 5 in Maces & Flails
  1676 | D:2      | Found a radiant altar of Vehumet.
  1732 | D:2      | Killed Jessica
  1732 | D:2      | Reached XP level 5. HP: 35/45 MP: 5/5
  2238 | D:3      | Reached skill level 6 in Maces & Flails
  2350 | D:3      | Noticed an ogre
  2472 | D:3      | Quit the game

Skill      XL: |  1  2  3  4  5 |
---------------+----------------+-----
Maces & Flails | 3 4 5 6 |  6.1
Fighting       | |  3.6
Armour         | |  3.2
Shields        | |  3.2

Action                   |  1- 3 |  4- 6 || total
-------------------------+-------+-------++-------
Melee: Flail             |    85 |    95 ||   180
  Eat: Chunk             |     1 |     3 ||     4
Armor: Scale mail        |    33 |    26 ||    59
Dodge: Dodged            |    13 |    23 ||    36
Block: Shield            |    36 |    37 ||    73
